Unix NetHack Version 5.0.0-0 post-release - last build May  4 2026 22:22:43 (774f63e81ad911689b3a0859ea89b322d5daca8d,branch:main).

Game began 2026-05-10 11:31:48, ended 2026-05-10 11:56:49.

246786432, neutral female human Barbarian

                                         --------
                #                        |...!..+
                #                        |...)|.|
                #                        |b..@r.|                          |
                #                        |.......                    ......|
 ---------      ##       ##              |......|                          |
 |....>...##################             ----.---
 |.....k.|       #       #                   #`
 |.......|       #      ##          ##########`
 --.------       ##    -.---  #######      #
    #             #    |....####           #
    ##            #    |..<|   ###    -----|-
     ##           #    |.e..#    ##   |.....|
     ######       #    -----##### ##  |...(.|
  --------.-------#             #  ###-.....|
  |...............#                   |.....|
  |..............|#                   |.....|
  |...............#                   -------
  ----------------

246786432 the Pillager     St:18/01 Dx:16 Co:18 In:7 Wi:7 Ch:8  Neutral
Dlvl:4  $:0  HP:0(56) Pw:9(9) AC:10 Xp:5 T:1526 

Latest messages:
 The leprechaun hits!
 The leprechaun hits!
 The leprechaun hits!
 The leprechaun hits!
 The leprechaun hits!
 There are many objects here.
 h - a battle-axe.
 a - a +0 two-handed sword.
 The leprechaun hits!
 The leprechaun hits!
 What do you want to throw? [ah or ?*] ?
 In what direction? 2
 The two-handed sword hits the leprechaun!
 The leprechaun reads a scroll labeled ELAM EBOW!
 The leprechaun vanishes!
 You see here a +0 two-handed sword.
 a - a +0 two-handed sword.
 What do you want to throw? [ah or ?*] ?
 In what direction? 2
 The two-handed sword misses the sewer rat.
 The sewer rat bites!
 There are many objects here.
 q - an elven dagger.
 b - a +0 axe.
 The sewer rat bites!
 What do you want to throw? [bhq or ?*] ?
 In what direction? 2
 The battle-axe misses the sewer rat.
 The sewer rat bites!
 What do you want to throw? [bq or ?*] ?
 In what direction? 2
 The axe misses the sewer rat.
 The sewer rat bites!
 What do you want to throw? [q or ?*] ?
 In what direction? 2
 The elven dagger misses the sewer rat.
 The sewer rat bites!
 The sewer rat bites!
 The sewer rat bites!
 The sewer rat bites!
 You see here a +0 two-handed sword.
 Are you waiting to get hit?  Use 'm' prefix to force a no-op (to rest).
 a - a +0 two-handed sword.
 The sewer rat bites!
 You die...
 Do you want your possessions identified? [ynq] (y) y
 Do you want to see your attributes? [ynq] (y) y
 Do you want an account of creatures vanquished? [ynaq] (y) y
 Do you want to see your conduct and achievements? [ynq] (y) y
 Do you want to see the dungeon overview? [ynq] (y) y

Inventory:
 Weapons  (')')
  a - a +0 two-handed sword
 Comestibles  ('%')
  n - an uncursed cram ration
  d - an uncursed food ration
  j - an uncursed tin of stir fried giant rat meat

246786432 the Barbarian's attributes:

Background:
 You were a Pillager, a level 5 female human Barbarian.
 You were neutral, nominally on a mission for Crom
 who was opposed by Mitra (lawful) and Set (chaotic).
 You were right-handed.
 You were in the Dungeons of Doom, on level 4.
 You entered the dungeon 1526 turns ago.
 You had 244 experience points, 76 more were needed to attain level 6.

Basics:
 You had 0 out of 56 hit points.
 You had all 9 energy points (spell power).
 Your armor class was 10.
 Your wallet was empty.
 Autopickup was off.

Final Characteristics:
 Your strength was 18/01 (limit:18/100).
 Your dexterity was 16 (limit:18).
 Your constitution was 18 (limit:18).
 Your intelligence was 7 (limit:18).
 Your wisdom was 7 (limit:18).
 Your charisma was 8 (limit:18).

Final Status:
 You weren't hungry.
 You were unencumbered.
 You were bare handed.
 You had basic skill with bare handed combat.
 You weren't wearing any armor.

Final Attributes:
 You were devoutly aligned.
 You were poison resistant.
 You were level-drain resistant.
 You were a wererat.
 You were harmed by silver.
 You are dead.

Miscellaneous:
 You didn't encounter any bones levels.
 Total elapsed playing time was 25 minutes.

Major events:
 Turn
    1: 246786432 the neutral female human Barbarian entered the dungeon
  621: attained the rank of Pillager (level 3)
 1526: killed by a sewer rat

You didn't know any spells.

Skills:
 Fighting Skills
   bare handed combat [Basic]
   two weapon combat  [Unskilled]
   riding             [Unskilled]
 Weapon Skills
   dagger             [Unskilled]
   axe                [Basic]
   pick-axe           [Unskilled]
   short sword        [Unskilled]
   broadsword         [Unskilled]
   long sword         [Unskilled]
   two-handed sword   [Basic]
   saber              [Unskilled]
   club               [Unskilled]
   mace               [Unskilled]
   morning star       [Unskilled]
   flail              [Unskilled]
   hammer             [Unskilled]
   quarterstaff       [Unskilled]
   spear              [Unskilled]
   trident            [Unskilled]
   bow                [Unskilled]
 Spellcasting Skills
   attack spells      [Unskilled]
   escape spells      [Unskilled]

Voluntary challenges:
 Character rerolling was not enabled.
 You were an atheist.
 You were illiterate.
 You never genocided any monsters.
 You never polymorphed an object.
 You used no wishes.
Achievements:
 You attained the rank of Pillager.
 You entered a shop.

 The Dungeons of Doom: levels 1 to 4
    Level 1:
       A fountain.
    Level 2:
       A potion shop, a fountain.
    Level 3:
    Level 4: <- You were here.
       A grave.
       Final resting place for
          you, killed by a sewer rat.


Vanquished creatures:
  a ghost
 an imp
  a rock mole
  a shrieker
  a gnome leader
  a kitten
  a rothe
  a dwarf zombie
  a wererat
  a green mold
  2 red molds
  a gecko
  2 jackals
  a kobold
  2 goblins
  2 sewer rats
  5 grid bugs
  2 lichens
  2 kobold zombies
  4 newts
33 creatures vanquished.

No species were genocided or became extinct.

Game over:
                       ----------
                      /          \
                     /    REST    \
                    /      IN      \
                   /     PEACE      \
                  /                  \
                  |    246786432     |
                  |       0 Au       |
                  |   killed by a    |
                  |    sewer rat     |
                  |                  |
                  |                  |
                  |       2026       |
                 *|     *  *  *      | *
        _________)/\\_//(\/(/\)/\//\/|_)_______

Goodbye 246786432 the Barbarian...

You died in The Dungeons of Doom on dungeon level 4 with 1294 points,
and 0 pieces of gold, after 1526 moves.
You were level 5 with a maximum of 56 hit points when you died.

